 Dungeon Crawl Stone Soup version 0.22-a0-149-g870e420 (webtiles) character file.

286690 galech the Wrestler (level 19, -3/201 HPs)
             Began as a Troll Monk on Feb 2, 2018.
             Was the Champion of Okawaru.
             Slain by a deep troll earth mage (5 damage)
             ... on level 2 of the Depths on Feb 7, 2018.
             The game lasted 01:41:11 (34422 turns).

galech the Wrestler (Troll Monk)                   Turns: 34422, Time: 01:41:11

Health: -3/201     AC: 18    Str: 41    XL:     19   Next: 84%
Magic:  26/27      EV: 12    Int: 18    God:    Okawaru [******]
Gold:   3179       SH:  0    Dex:  9    Spells: 18/18 levels left

rFire    + + +     SeeInvis .     - Unarmed
rCold    + . .     Gourm    +   f - +8 large shield of Qoux {rCorr MP+9 Int+4 Stlth-}
rNeg     + . .     Faith    .   Z - quicksilver dragon scales
rPois    .         Spirit   .   R - +1 hat of the Eternal Void {rF+ rN+ Int+8 Stlth-}
rElec    .         Reflect  +   e - +2 cloak of Daisies {Str+4}
rCorr    +         Harm     .   (gloves unavailable)
MR       ++...                  (boots unavailable)
Stlth    +.........             M - +5 amulet of reflection
HPRegen  0.83/turn              j - ring of Rijuyst {*Drain rF+++ Str+4 Stlth+}
MPRegen  0.20/turn              E - ring of Zatsuera {rF+ rC+ Str+3 Dex-3 Stlth+}

@: confused, heroism, invisible
A: large, unfitting armour, claws 3, fast metabolism 3, gourmand, regeneration
1, shaggy fur 1, tough skin 2
}: 2/15 runes: serpentine, barnacled
a: Heroism, Finesse, Renounce Religion


You were on level 2 of the Depths.
You worshipped Okawaru.
Okawaru was exalted by your worship.
You were full.

You visited 7 branches of the dungeon, and saw 34 of its levels.
You visited the Abyss 1 time.
You also visited: Labyrinth.

You collected 4271 gold pieces.
You spent 1092 gold pieces at shops.

Inventory:

Armour
 e - the +2 cloak of Daisies (worn) {Str+4}
   (Okawaru gifted it to you on level 9 of the Dungeon)

   It affects your strength (+4).
 f - the +8 large shield of Qoux (worn) {rCorr MP+9 Int+4 Stlth-}
   (Okawaru gifted it to you on level 13 of the Dungeon)

   It affects your intelligence (+4).
   It affects your magic capacity (+9).
   It protects you from acid and corrosion.
   It makes you less stealthy.
 r - a +1 robe of positive energy
 u - a +2 robe of fire resistance
 v - +0 fire dragon scales
 K - a +2 robe of magic resistance
 Q - a +1 cloak of magic resistance
 R - the +1 hat of the Eternal Void (worn) {rF+ rN+ Int+8 Stlth-}
   (Okawaru gifted it to you on level 2 of the Orcish Mines)

   It affects your intelligence (+8).
   It protects you from fire.
   It protects you from negative energy.
   It makes you less stealthy.
 W - a +2 troll leather armour {Snorg}
 Z - quicksilver dragon scales (worn)
Jewellery
 j - the ring of Rijuyst (left claw) {*Drain rF+++ Str+4 Stlth+}
   (You found it on level 2 of the Depths)

   [ring of stealth]

   It affects your strength (+4).
   It renders you almost immune to fire.
   It causes draining when unequipped.
   It makes you more stealthy.
 t - a +2 ring of evasion
 y - the amulet "Amedoerri" {Faith rN+ Dex+2}
   (You acquired it on level 13 of the Dungeon)

   [amulet of faith]

   It allows you to gain divine favour quickly.
   It affects your dexterity (+2).
   It protects you from negative energy.
 B - a +6 ring of evasion
 D - an uncursed ring of flight
 E - the ring of Zatsuera (right claw) {rF+ rC+ Str+3 Dex-3 Stlth+}
   (You found it in a labyrinth)

   [ring of strength]

   It affects your strength (+3).
   It affects your dexterity (-3).
   It protects you from fire.
   It protects you from cold.
   It makes you more stealthy.
 G - an uncursed ring of protection from cold
 H - an uncursed ring of ice
 I - the ring "Daly" {Ice rPois Dex+4 Stlth+}
   (You found it on level 6 of the Lair of Beasts)

   [ring of ice]

   It enhances your ice magic.
   It affects your dexterity (+4).
   It makes you vulnerable to fire.
   It protects you from cold.
   It protects you from poison.
   It makes you more stealthy.
 M - a +5 amulet of reflection (around neck)
Wands
 a - a wand of flame (62)
 C - a wand of digging (14)
Scrolls
 c - 12 scrolls of fear
 d - 6 scrolls of identify
 i - 6 scrolls of enchant armour
 k - 12 scrolls of remove curse
 m - 4 scrolls of fog
 s - 3 scrolls of magic mapping
 J - 5 scrolls of teleportation
 L - 5 scrolls of enchant weapon
 N - a scroll of silence
 O - 4 scrolls of acquirement
 S - 2 scrolls of brand weapon
 U - 4 scrolls of amnesia
Potions
 g - a potion of resistance
 h - 3 potions of berserk rage
 l - 4 potions of brilliance
 n - 5 potions of mutation
 p - 3 potions of agility
 w - 3 potions of haste
 x - 12 potions of curing
 z - 4 potions of lignification
 A - 2 potions of might
 X - a potion of flight
Comestibles
 b - 55 rations


   Skills:
 + Level 15.4(20.4) Fighting
 - Level 2.6(7.6) Dodging
 - Level 1.0(6.0) Stealth
 + Level 15.2(20.2) Shields
 * Level 23.6(27) Unarmed Combat


You had 18 spell levels left.
You didn't know any spells.

Dungeon Overview and Level Annotations

Branches:
Dungeon (15/15)            Temple (1/1) D:7            Lair (6/6) D:9
 Shoals (4/4) Lair:4        Snake (4/4) Lair:4        Slime (0/5) Lair:6
    Orc (2/2) D:11            Elf (0/3) Orc:2        Vaults (0/5) D:13
 Depths (2/5) D:15

Altars:
Cheibriados
Dithmenos
Elyvilon
Fedhas
Gozag
Hepliaklqana
Kikubaaqudgha
Makhleb
Nemelex Xobeh
Okawaru
Qazlal
Ru
Sif Muna
Trog
Uskayaw
Vehumet
Wu Jian
Xom
Zin
The Shining One
Beogh
Jiyva

Shops:
D:4 (   Orc:2 [((=   Snake:1 =}=   Snake:3 =

Portals:
Hell: Lair:6 Depths:1 Depths:2
Ziggurat: Depths:1
Trove: Depths:1 (give +4 storm dragon scales)


Innate Abilities, Weirdness & Mutations

You are too large for most types of armour.
You have claws for hands.
Your metabolism is lightning-fast.
You like to eat raw meat.
Your natural rate of healing is unusually fast.
You are covered in fur. (AC +1)
You have very tough skin. (AC +2)


Message History

You block the deep troll's attack. x3; The frost giant misses you.
The deep troll earth mage bites you.
* * * LOW HITPOINT WARNING * * *
The deep troll earth mage claws you!
* * * LOW HITPOINT WARNING * * *
You block the deep troll earth mage's attack.
A necromancer comes into view. It is wielding a dagger.
Okay, then.
Okay, then.
Okay, then.
Okay, then.
It was a potion of invisibility.
You fade into invisibility!
The golden eye blinks at you.
You are confused.
The deep troll closely misses you. The deep troll barely misses you.
The deep troll closely misses you.
The frost giant hits you but does no damage.
The deep troll earth mage bites you.
You die...

##.'.........####
#..#
###.........#
##.# #.........#
#.# ###########
###.# #...# #.###
#########.#
#..!...##'####
#...@)[......#
#..TTC.......#
#.Z...G......#
#..Z..........#
...'............#
................#
.Tp.............#
..T####'##......#
.T ..# .....


You could see a frost giant, 2 deep trolls, 2 deep troll earth magi, a
necromancer, a golden eye, an ettin simulacrum and a spriggan air mage zombie.

Vanquished Creatures
  Bai Suzhen (Shoals:4)
  A golden dragon (Depths:2)
  Jorgrun (Depths:2)
  The ghost of Karim the Fighter, an adept GnWn of Ashenzari (Snake:3)
  Polyphemus (Shoals:3)
  A tentacled starspawn (Abyss:3)
  Frances (D:13)
  An Executioner (Abyss:3)
  Kirke (Shoals:1)
  Donald (Shoals:1)
  2 frost giants
  2 fire giants (Depths:2)
  6 nagarajas
  Ilsuiw (Shoals:4)
  A daeva (Abyss:3)
  Louise (Shoals:1)
  2 orc warlords
  13 very ugly things
  4 stone giants
  A minotaur (Lab)
  Azrael (D:13)
  13 merfolk impalers
  Snorg (D:13)
  5 fire dragons
  5 ettins
  3 merfolk javelineers (Shoals:4)
  3 jiangshi (Depths:1)
  A yaktaur captain (Depths:2)
  A rakshasa (Depths:2)
  Josephine (D:15)
  3 great orbs of eyes
  3 ice dragons
  20 naga warriors
  Harold (Orc:1)
  10 hydras
  3 catoblepae
  2 ogre magi
  8 two-headed ogres
  7 centaur warriors
  9 anacondas
  4 merfolk avatars
  2 death knights
  3 merfolk aquamancers (Shoals:4)
  2 deep troll shamans (Depths:1)
  2 satyrs
  2 vampire magi
  A tengu warrior (D:14)
  5 death yaks
  3 hell hogs (Abyss:3)
  19 naga sharpshooters
  3 thrashing horrors (Abyss:3)
  6 shock serpents
  Sonja (D:14)
  A soul eater (Depths:1)
  2 wretched stars (Abyss:3)
  The ghost of p0werm0de the Fighter, a novice VSCK of Ashenzari (D:9)
  3 salamander mystics
  8 sea snakes
  A spatial maelstrom (Abyss:3)
  A sixfirhy (Lair:6)
  A sea snake (shapeshifter) (Depths:1)
  2 wizards
  2 unseen horrors
  An iron troll (Depths:1)
  A lindwurm (shapeshifter) (Depths:1)
  8 naga ritualists
  A flayed ghost (Depths:2)
  A minotaur zombie (Lab)
  2 deep trolls (D:15)
  A phantasmal warrior (D:15)
  22 harpies
  A necromancer (D:13)
  3 orc knights
  17 ugly things
  2 oklob plants (Lair:3)
  12 mana vipers
  13 salamanders
  2 orc sorcerers
  11 manticores
  14 fauns
  A deep elf mage (D:15)
  2 worldbinders (Abyss:3)
  8 merfolk sirens
  A cyclops (D:12)
  2 elephants (Lair:4)
  Joseph (Lair:1)
  5 guardian serpents
  Psyche (D:10)
  9 water nymphs
  29 black mambas
  19 naga magi
  3 orange demons (Lair:6)
  A smoke demon (Abyss:3)
  6 gargoyles
  7 spiny frogs
  6 yaktaurs
  3 kobold demonologists
  4 centaur skeletons
  3 rime drakes (Lair:6)
  8 komodo dragons
  An efreet (Abyss:3)
  2 freezing wraiths (D:15)
  2 ice devils (Lair:6)
  4 hellwings
  A tengu conjurer (D:14)
  A red devil (Depths:1)
  14 trolls
  A jumping spider (D:15)
  41 merfolk
  4 wind drakes
  A polar bear (Lair:6)
  A hornet (D:10)
  A large abomination (Abyss:3)
  9 snapping turtles
  4 dream sheep (Lair:6)
  7 slime creatures
  14 hippogriffs
  4 blink frogs
  17 starcursed masses (Abyss:3)
  2 redbacks (D:15)
  A spriggan (D:7)
  4 water elementals
  8 wraiths
  2 vampires
  43 yaks
  A basilisk (Lair:1)
  A hog (Shoals:1)
  2 wyverns
  Grum (D:8)
  3 hungry ghosts
  A neqoxec (Abyss:3)
  3 vampire mosquitoes (D:15)
  A chaos spawn (Abyss:3)
  A steam dragon (D:10)
  6 wargs
  64 nagas
  8 hell hounds
  A floating eye (Depths:2)
  6 porcupines
  13 water moccasins
  A black bear (D:9)
  Duvessa (D:4)
  2 sky beasts
  41 orc warriors
  4 ice beasts
  A necrophage (D:12)
  5 phantoms
  An eye of draining (D:13)
  21 ogres
  8 wolves
  8 centaurs
  3 crocodiles (Lair:6)
  2 small abominations (Abyss:3)
  2 earth elementals (Depths:2)
  The ghost of 4thArraOfDagon the Cutter, an amateur SpAE of Jiyva (Lair:6)
  Dowan (D:4)
  6 big kobolds
  9 bullfrogs
  A wyvern skeleton (D:10)
  7 scorpions
  2 troll zombies (D:11)
  7 killer bees
  4 wights (D:9)
  A troll skeleton (D:12)
  4 spriggan skeletons (D:12)
  2 electric eels (Lair:5)
  6 howler monkeys
  8 crimson imps
  3 centaur zombies
  2 quasits (D:12)
  A bullfrog zombie (D:12)
  8 hounds
  32 orc priests
  3 jellies
  27 orc wizards
  2 bullfrog skeletons
  6 iguanas
  7 worker ants
  4 ogre zombies (D:11)
  A hound zombie (D:6)
  A hound skeleton (D:10)
  4 gnolls (D:3)
  10 adders
  A howler monkey skeleton (D:8)
  4 shadow imps
  An adder zombie (D:9)
  An ooze (D:1)
  An adder skeleton (D:9)
  3 worms
  A dart slug (D:1)
  3 leopard geckos
  99 orcs
  6 giant cockroaches
  12 goblins
  12 hobgoblins
  21 jackals
  4 quokkas
  6 ball pythons
  7 bats
  3 frilled lizards
  A goblin skeleton (D:11)
  4 goblin zombies (D:11)
  A hobgoblin skeleton (D:11)
  2 hobgoblin zombies (D:11)
  A jackal skeleton (D:4)
  21 kobolds
  3 orc skeletons (D:11)
  8 orc zombies (D:11)
  2 quokka skeletons
  2 quokka zombies (D:6)
  3 rats
  A fungus (Lair:6)
  A plant (Shoals:4)
  A starspawn tentacle (Abyss:3)
1256 creatures vanquished.

Vanquished Creatures (others)
  A lich (Depths:2)
  A stone giant (Depths:1)
  3 merfolk javelineers
  2 centaur warriors
  A satyr (Shoals:4)
  A cyclops (D:12)
  5 fauns
  A centaur skeleton (D:15)
  3 yaktaurs
  2 humans (Shoals:1)
  2 centaurs
  An iron imp (Abyss:3)
  An orc (Orc:2)
  2 kobolds
  13 plants
  5 starspawn tentacles (Abyss:3)
44 creatures vanquished.

Grand Total: 1300 creatures vanquished

Notes
Turn   | Place    | Note
-------+----------+-------------------------------------------
     0 | D:1      | galech the Troll Monk began the quest for the Orb.
     0 | D:1      | Reached XP level 1. HP: 22/22 MP: 0/0
   168 | D:1      | Reached XP level 2. HP: 24/29 MP: 1/1
   204 | D:1      | Upgraded the game from 0.22-a0-136-g83a10e5 to 0.22-a0-149-g870e420
   727 | D:2      | Reached XP level 3. HP: 36/36 MP: 2/2
   814 | D:2      | Reached skill level 4 in Unarmed Combat
   818 | D:2      | Reached XP level 4. HP: 29/44 MP: 3/3
   854 | D:2      | Reached skill level 1 in Shields
  1052 | D:3      | Reached XP level 5. HP: 32/53 MP: 4/4
  1299 | D:3      | Reached skill level 5 in Unarmed Combat
  1910 | D:4      | Noticed a phantom
  1953 | D:4      | Reached XP level 6. HP: 30/61 MP: 5/5
  1961 | D:4      | Noticed Duvessa
  1961 | D:4      | Noticed Dowan
  1975 | D:4      | Killed Duvessa
  1986 | D:4      | Killed Dowan
  1986 | D:4      | Reached skill level 6 in Unarmed Combat
  1986 | D:4      | Reached XP level 7. HP: 40/68 MP: 6/6
  2165 | D:4      | Found Yshatops's Antique Weapon Shoppe.
  2842 | D:5      | Entered Level 5 of the Dungeon
  3041 | D:5      | Reached skill level 7 in Unarmed Combat
  3317 | D:5      | Reached XP level 8. HP: 79/79 MP: 7/7
  4200 | D:6      | Reached skill level 5 in Fighting
  4200 | D:6      | Reached skill level 8 in Unarmed Combat
  4699 | D:7      | Found a staircase to the Ecumenical Temple.
  4761 | Temple   | Entered the Ecumenical Temple
  4838 | Temple   | Became a worshipper of Warmaster Okawaru
  4838 | Temple   | Reached * piety under Okawaru
  4838 | Temple   | Reached ** piety under Okawaru
  4926 | D:7      | Reached XP level 9. HP: 68/88 MP: 8/8
  4972 | D:7      | Reached skill level 9 in Unarmed Combat
  5607 | D:8      | Found a burning altar of Makhleb.
  5608 | D:8      | Noticed a two-headed ogre
  5620 | D:8      | Killed a two-headed ogre
  5620 | D:8      | Reached *** piety under Okawaru
  5620 | D:8      | Reached skill level 5 in Shields
  5620 | D:8      | Reached skill level 10 in Unarmed Combat
  5649 | D:8      | Found a snail-covered altar of Cheibriados.
  5682 | D:8      | Found a hide-covered altar of Uskayaw.
  5690 | D:8      | Found an ancient bone altar of Kikubaaqudgha.
  5825 | D:8      | Reached XP level 10. HP: 89/100 MP: 9/9
  5832 | D:8      | Reached **** piety under Okawaru
  5849 | D:8      | Noticed Grum
  5857 | D:8      | Killed Grum
  6156 | D:8      | Reached skill level 11 in Unarmed Combat
  6596 | D:9      | Noticed a two-headed ogre
  6750 | D:9      | Reached ***** piety under Okawaru
  6783 | D:9      | Killed a two-headed ogre
  6783 | D:9      | Received a gift from Okawaru
  6783 | D:9      | Reached skill level 12 in Unarmed Combat
  6799 | D:9      | Noticed p0werm0de's ghost (novice VSCK)
  6802 | D:9      | Got a smoking cloak {god gift}
  6852 | D:9      | Identified the +2 cloak of Daisies {Str+4} (Okawaru gifted it to you on level 9 of the Dungeon)
  6892 | D:9      | Found a staircase to the Lair.
  6925 | D:9      | Killed p0werm0de's ghost
  6925 | D:9      | Reached XP level 11. HP: 105/109 MP: 7/10
  7342 | D:10     | Entered Level 10 of the Dungeon
  7471 | D:10     | Noticed Psyche
  7479 | D:10     | Killed Psyche
  7689 | D:10     | Paralysed by a hornet for 3 turns
  7985 | D:11     | Noticed a purple ugly thing
  7992 | D:11     | Killed a purple ugly thing
  7992 | D:11     | Reached skill level 13 in Unarmed Combat
  8127 | D:11     | Found a staircase to the Orcish Mines.
  8234 | D:11     | Received a gift from Okawaru
  8436 | Orc:1    | Entered Level 1 of the Orcish Mines
  8436 | Orc:1    | Noticed Harold
  8453 | Orc:1    | Noticed a two-headed ogre
  8618 | Orc:1    | Killed Harold
  8668 | Orc:1    | Noticed an orc warlord
  8909 | D:11     | Killed an orc warlord
  8909 | D:11     | Reached XP level 12. HP: 95/122 MP: 8/11
  9152 | D:11     | Reached skill level 14 in Unarmed Combat
  9441 | Orc:2    | Entered Level 2 of the Orcish Mines
  9563 | Orc:2    | Found a staircase to the Elven Halls.
  9731 | Orc:2    | Killed a two-headed ogre
 10098 | Orc:2    | Found a roughly hewn altar of Beogh.
 10309 | Orc:2    | Found a roughly hewn altar of Beogh.
 10513 | Orc:2    | Found a roughly hewn altar of Beogh.
 10530 | Orc:2    | Found Der Ybige's Jewellery Emporium.
 10555 | Orc:2    | Found a roughly hewn altar of Beogh.
 10556 | Orc:2    | Found Xeydoal's Weapon Shop.
 10656 | Orc:2    | Noticed an orc warlord
 10658 | Orc:2    | Reached ****** piety under Okawaru
 10729 | Orc:2    | Received a gift from Okawaru
 10735 | Orc:2    | Got a shimmering hat {god gift}
 10772 | Orc:2    | Killed an orc warlord
 10772 | Orc:2    | Reached skill level 15 in Unarmed Combat
 10820 | Orc:2    | Identified the +1 hat of the Eternal Void {rF+ rN+ Int+8 Stlth-} (Okawaru gifted it to you on level 2 of the Orcish Mines)
 10979 | Orc:2    | Found Tenuyf's Antique Weapon Emporium.
 10980 | Orc:2    | Found a roughly hewn altar of Beogh.
 10981 | Orc:2    | Found Ugemiluff's Antique Armour Shoppe.
 11035 | Orc:2    | Bought a +6 ring of evasion for 1092 gold pieces
 11336 | Lair:1   | Entered Level 1 of the Lair of Beasts
 11728 | Lair:1   | Noticed Joseph
 11735 | Lair:1   | Killed Joseph
 11751 | Lair:1   | Noticed an eight-headed hydra
 12067 | D:12     | Reached XP level 13. HP: 133/133 MP: 12/12
 12512 | D:12     | Reached skill level 10 in Fighting
 13068 | D:13     | Noticed Snorg
 13098 | D:13     | Killed Snorg
 13116 | D:13     | Received a gift from Okawaru
 13121 | D:13     | Got a faintly glowing large shield {god gift}
 13135 | D:13     | Identified the +8 large shield of Qoux {rCorr MP+9 Int+4 Stlth-} (Okawaru gifted it to you on level 13 of the Dungeon)
 13168 | D:13     | Noticed Frances
 13178 | D:13     | Killed Frances
 13178 | D:13     | Reached skill level 16 in Unarmed Combat
 13299 | D:13     | Reached skill level 10 in Shields
 13309 | D:13     | Found a gate to the Vaults.
 13512 | D:13     | Identified a scroll of acquirement
 13516 | D:13     | Got a vibrating golden amulet
 13521 | D:13     | Identified the amulet "Amedoerri" {Faith rN+ Dex+2} (You acquired it on level 13 of the Dungeon)
 13626 | D:13     | Noticed Azrael
 13646 | D:13     | Killed Azrael
 14380 | D:14     | Noticed Sonja
 14392 | D:14     | Killed Sonja
 14392 | D:14     | Received a gift from Okawaru
 14396 | D:14     | Got a polished hand axe {god gift}
 14397 | D:14     | Identified the +1 hand axe "Gesotego" {vamp, Str+4 Int+4} (Okawaru gifted it to you on level 14 of the Dungeon)
 15111 | D:15     | Entered Level 15 of the Dungeon
 15137 | D:15     | Reached XP level 14. HP: 138/144 MP: 13/13
 15248 | D:15     | Noticed Josephine
 15269 | D:15     | Killed Josephine
 15285 | D:15     | Reached skill level 17 in Unarmed Combat
 15317 | D:15     | Received a gift from Okawaru
 15779 | D:15     | Found a staircase to the Depths.
 18191 | Lair:4   | Found a labyrinth entrance.
 18197 | Lab      | Entered a labyrinth
 19104 | Lab      | Got a pitted turquoise ring
 19120 | Lab      | Identified the ring of Zatsuera {rF+ rC+ Str+3 Dex-3 Stlth+} (You found it in a labyrinth)
 19351 | Lair:4   | Found a staircase to the Shoals.
 19420 | Lair:4   | Found a staircase to the Snake Pit.
 20509 | Lair:6   | Entered Level 6 of the Lair of Beasts
 20515 | Lair:6   | Reached skill level 18 in Unarmed Combat
 20561 | Lair:6   | Found a viscous altar of Jiyva.
 20561 | Lair:6   | Found a staircase to the Slime Pits.
 20657 | Lair:6   | Reached XP level 15. HP: 146/156 MP: 14/14
 20734 | Lair:6   | Noticed 4thArraOfDagon's ghost (amateur SpAE)
 20737 | Lair:6   | Killed 4thArraOfDagon's ghost
 20774 | Lair:6   | Received a gift from Okawaru
 21505 | Lair:6   | Found a burning altar of Makhleb.
 21585 | Lair:6   | Found a gateway to Hell.
 21596 | Lair:6   | Got a slimy bronze ring
 21600 | Lair:6   | Identified the ring "Daly" {Ice rPois Dex+4 Stlth+} (You found it on level 6 of the Lair of Beasts)
 21750 | Shoals:1 | Entered Level 1 of the Shoals
 21753 | Shoals:1 | Noticed Donald
 21773 | Shoals:1 | Killed Donald
 21773 | Shoals:1 | Received a gift from Okawaru
 22006 | Shoals:1 | Noticed Kirke
 22023 | Shoals:1 | Killed Kirke
 22221 | Shoals:1 | Reached skill level 19 in Unarmed Combat
 22240 | Shoals:1 | Received a gift from Okawaru
 22366 | Shoals:1 | Noticed Louise
 22379 | Shoals:1 | Killed Louise
 23103 | Shoals:2 | Reached XP level 16. HP: 134/167 MP: 15/15
 23537 | Shoals:3 | Noticed Polyphemus
 23705 | Shoals:3 | Killed Polyphemus
 23948 | Shoals:3 | Received a gift from Okawaru
 24468 | Shoals:4 | Entered Level 4 of the Shoals
 24513 | Shoals:4 | Reached skill level 20 in Unarmed Combat
 24869 | Shoals:4 | Received a gift from Okawaru
 24906 | Shoals:4 | Got a jewelled scimitar {god gift}
 24910 | Shoals:4 | Identified the +4 scimitar of the Secret Eyes {pain, MR+} (Okawaru gifted it to you on level 4 of the Shoals)
 25186 | Shoals:4 | Noticed Bai Suzhen
 25211 | Shoals:4 | Killed Bai Suzhen
 25262 | Shoals:4 | Noticed Ilsuiw
 25279 | Shoals:4 | Killed Ilsuiw
 25376 | Shoals:4 | Reached XP level 17. HP: 140/178 MP: 16/16
 25421 | Shoals:4 | Received a gift from Okawaru
 25558 | Shoals:4 | Got a barnacled rune of Zot
 26242 | Shoals:4 | Got a heavily jewelled robe
 26253 | Shoals:4 | Identified the +1 robe of the Tortoise {Str+4} (You found it on level 4 of the Shoals)
 26422 | Snake:1  | Entered Level 1 of the Snake Pit
 26731 | Snake:1  | Reached skill level 21 in Unarmed Combat
 27134 | Snake:1  | Received a gift from Okawaru
 27330 | Snake:1  | Found Wuiffal's Jewellery Boutique.
 27331 | Snake:1  | Found Wuppiciv's Gadget Shoppe.
 27332 | Snake:1  | Found Elea's Jewellery Boutique.
 28294 | Snake:2  | Found a sacrificial altar of Ru.
 28878 | Snake:3  | Found Paiwn's Jewellery Emporium.
 29030 | Snake:3  | Noticed Karim's ghost (adept GnWn)
 29044 | Snake:3  | Killed Karim's ghost
 29204 | Snake:3  | Reached XP level 18. HP: 179/189 MP: 17/17
 29480 | Snake:4  | Entered Level 4 of the Snake Pit
 29514 | Snake:4  | Received a gift from Okawaru
 29781 | Snake:4  | Reached skill level 22 in Unarmed Combat
 30086 | Snake:4  | Found a hide-covered altar of Uskayaw.
 30580 | Snake:4  | Got a faintly glowing rapier
 30581 | Snake:4  | Identified the +1 rapier "Tiepaky" {flame, +Rage rC++ MR+ Int-3} (You found it on level 4 of the Snake Pit)
 30965 | Snake:4  | Got a serpentine rune of Zot
 31447 | Depths:1 | Entered Level 1 of the Depths
 31472 | Depths:1 | Received a gift from Okawaru
 31834 | Depths:1 | Found a gateway to a ziggurat.
 32052 | Depths:1 | Received a gift from Okawaru
 32054 | Depths:1 | Reached XP level 19. HP: 166/200 MP: 18/18
 32157 | Depths:1 | Found a portal to a secret trove of treasure.
 32628 | Depths:2 | Paralysed by a floating eye for 3 turns
 32798 | Depths:2 | Noticed Jorgrun
 32805 | Depths:2 | Killed Jorgrun
 32805 | Depths:2 | Reached skill level 15 in Fighting
 32816 | Depths:2 | Reached skill level 23 in Unarmed Combat
 33020 | Depths:2 | Cast into level 3 of the Abyss (a lich)
 33064 | Abyss:3  | Received a gift from Okawaru
 33142 | Abyss:3  | Paralysed by accursed screaming for 1 turns
 33150 | Abyss:3  | Paralysed by accursed screaming for 1 turns
 33248 | Depths:2 | Escaped the Abyss
 33262 | Depths:2 | Reached skill level 15 in Shields
 33383 | Depths:2 | Got a twisted great mace
 33389 | Depths:2 | Identified the +2 great mace of Animal Spirits {crush, Dex+2} (You found it on level 2 of the Depths)
 34155 | Depths:2 | Noticed a golden dragon
 34161 | Depths:2 | Killed a golden dragon
 34357 | Depths:2 | Got a transparent steel ring
 34360 | Depths:2 | Identified the ring of Rijuyst {*Drain rF+++ Str+4 Stlth+} (You found it on level 2 of the Depths)
 34416 | Depths:2 | Received a gift from Okawaru
 34421 | Depths:2 | HP: 1/201 [deep troll earth mage (12)]
 34422 | Depths:2 | Slain by a deep troll earth mage

Vault maps used:
D:1:      minmay_arrival_five_plusses
D:3:      minmay_goblin_outpost
D:4:      serial_shops, nicolae_shop_behind_doors, hex_large, minmay_bisected,
          uniq_duvessa
D:5:      first_ration
D:6:      sigmund_army
D:7:      minmay_temple_entry_nine_rooms, the_bakery
D:8:      grunt_temple_overflow_open, uniq_grum
D:9:      erik_lair_island
D:10:     uniq_psyche
D:11:     zombieorc1_lemuel
D:12:     hangedman_tell_no_tales
D:13:     david_vaults_1, uniq_snorg, uniq_frances, uniq_azrael
D:14:     serial_park_tiny_2, uniq_sonja
D:15:     grunt_enter_depths_hoard, minmay_misc_feat_room, uniq_josephine
Temple:   regret_index_temple_mists
Lair:1:   uniq_joseph
Lair:2:   lemuel_fruit_tree
Lair:3:   grunt_megastairs_4, minmay_lair_oklob_chamber
Lair:4:   elwin_shoals_entry_rocks, guppyfry_snake_entry_island,
          lab_entry_generic, serial_forest, infiniplex_forest_clump_large,
          infiniplex_forest_straight_2, infiniplex_forest_straight_4,
          infiniplex_forest_clump_small, infiniplex_forest_lined_room_,
          infiniplex_forest_diagonal, infiniplex_forest_lined_ring,
          infiniplex_forest_clump_cross, beast_lair_carwin_11
Lair:5:   serial_bayou_shore_a
Lair:6:   evil_forest, slime_altar_1
Shoals:1: uniq_louise, uniq_donald, uniq_kirke
Shoals:3: uniq_polyphemus
Shoals:4: shoals_end_hangedman, shoals_ilsuiw_alternative,
          nicolae_shoals_circle_sea_wall, nicolae_shoals_wave_tunnel,
          uniq_bai_suzhen
Snake:1:  minmay_shop_grove
Snake:2:  basic_altar, grunt_megastairs_2
Snake:3:  serial_shops, shop, special_room
Snake:4:  minmay_snake_end_coiled, basic_altar, st_stairs_3,
          fake_guardian_serpent_vault
Orc:1:    uniq_harold
Orc:2:    grunt_orc_community_town_hall, grunt_orc_community_big_house_2,
          grunt_orc_community_big_house_1, grunt_orc_community_house_3,
          grunt_orc_community_house_1, grunt_orc_community_house_3,
          grunt_orc_community_house_1, grunt_orc_community_house_1
Depths:1: enter_ziggurat_b, hellmouth_1, corexii_leaking_fountain,
          nicolae_trove_entry_diagonal, spider_trap, bh_walls_and_bars
Depths:2: constructs_gauntlet_mu_hangedman, hell_entry,
          minmay_misc_feat_columns, kennysheep_just_a_vault,
          infiniplex_staircase_zigzag_1, kennysheep_random_hallway, uniq_jorgrun
Abyss:3:  nicolae_abyss_rune_star_stuff
Lab:      labyrinth_hidden_loot

Skill      XL: |  1  2  3  4  5  6  7  8  9 10 11 12 13 14 15 16 17 18 19 |
---------------+----------------------------------------------------------+-----
Unarmed Combat | 4 5 6 7 8 10 12 13 15 16 18 19 20 21 22 23 | 23.6
Shields        | 1 2 3 4 5 6 8 9 10 11 12 13 14 15 | 15.2
Fighting       | 3 4 5 6 7 8 9 10 11 12 13 14 15 | 15.4
Dodging        | |  2.6
Stealth        | |  1.0

Action                   |  1- 3 |  4- 6 |  7- 9 | 10-12 | 13-15 | 16-18 | 19-21 || total
-------------------------+-------+-------+-------+-------+-------+-------+-------++-------
Melee: Unarmed           |    87 |   170 |   374 |   878 |  1088 |  1335 |   315 ||  4247
       Punch             |     2 |       |       |       |     1 |       |       ||     3
Invok: Heroism           |       |       |     1 |    15 |    16 |    12 |     4 ||    48
       Finesse           |       |       |       |     1 |     1 |     1 |     1 ||     4
  Use: Scroll            |       |       |     7 |     5 |    11 |    17 |       ||    40
       Potion            |       |       |       |       |       |     2 |     9 ||    11
 Stab: Sleeping          |     1 |       |     4 |     1 |       |       |       ||     6
       Distracted        |       |       |       |     1 |       |       |       ||     1
       Petrified         |       |       |       |       |     1 |       |       ||     1
       Paralysed         |       |       |       |       |       |       |     1 ||     1
  Eat: Chunk             |    13 |    11 |    36 |    64 |    91 |    69 |    18 ||   302
       Ration            |       |       |       |       |     5 |     4 |       ||     9
Armor: Robe              |    34 |    49 |    53 |   131 |    13 |       |       ||   280
       Troll leather arm |       |       |       |       |    27 |       |       ||    27
       Quicksilver drago |       |       |       |       |   105 |   144 |    40 ||   289
Dodge: Dodged            |    36 |    30 |    48 |   193 |   238 |   251 |    61 ||   857
Block: Large shield      |    18 |   123 |   226 |   846 |  1162 |  1793 |   294 ||  4462
       Reflection        |       |       |       |    18 |    62 |   256 |    20 ||   356
       Other             |       |       |       |       |     2 |       |       ||     2

Table legend:
 A = Spawn XP
 B = Non-spawn XP
 C = Spawn XP percentage of total XP
 D = Spawn monster count
 E = Non-spawn monster count
 F = Spawn count percentage of total count
 G = Total turns spent on level
                    A         B        C        D         E        F      G
               +---------+---------+-------+---------+---------+-------+---------
         Total |   16143 |  443082 |   3.5 |      24 |    1251 |   1.9 | 34422
               +---------+---------+-------+---------+---------+-------+---------
           D:1 |       0 |      29 |   0.0 |       0 |      15 |   0.0 |   442
           D:2 |       0 |      94 |   0.0 |       0 |      18 |   0.0 |   522
           D:3 |       0 |     223 |   0.0 |       0 |      38 |   0.0 |   937
           D:4 |       0 |     533 |   0.0 |       0 |      16 |   0.0 |   941
           D:5 |       0 |     702 |   0.0 |       0 |      15 |   0.0 |   892
           D:6 |       0 |     552 |   0.0 |       0 |      25 |   0.0 |   661
           D:7 |       0 |    1254 |   0.0 |       0 |      24 |   0.0 |   974
           D:8 |       0 |    3463 |   0.0 |       0 |      42 |   0.0 |   893
           D:9 |       0 |    4311 |   0.0 |       0 |      36 |   0.0 |  1212
          D:10 |       0 |    4194 |   0.0 |       0 |      32 |   0.0 |   706
          D:11 |       0 |    6521 |   0.0 |       0 |      54 |   0.0 |  1073
          D:12 |       0 |    9097 |   0.0 |       0 |      58 |   0.0 |  1093
          D:13 |       0 |   12782 |   0.0 |       0 |      34 |   0.0 |   923
          D:14 |       0 |    4131 |   0.0 |       0 |       8 |   0.0 |  1220
          D:15 |       0 |   21171 |   0.0 |       0 |      45 |   0.0 |  1419
        Lair:1 |       0 |    2601 |   0.0 |       0 |       6 |   0.0 |   763
        Lair:2 |       0 |    1073 |   0.0 |       0 |       6 |   0.0 |   700
        Lair:3 |       0 |    3101 |   0.0 |       0 |      12 |   0.0 |   670
        Lair:4 |       0 |   10372 |   0.0 |       0 |      23 |   0.0 |  1001
        Lair:5 |       0 |    4261 |   0.0 |       0 |      16 |   0.0 |   771
        Lair:6 |       0 |   23688 |   0.0 |       0 |      68 |   0.0 |  1191
      Shoals:1 |       0 |   23501 |   0.0 |       0 |      39 |   0.0 |   891
      Shoals:2 |       0 |   18869 |   0.0 |       0 |      32 |   0.0 |  1058
      Shoals:3 |       0 |   18322 |   0.0 |       0 |      28 |   0.0 |  1032
      Shoals:4 |       0 |   49064 |   0.0 |       0 |      80 |   0.0 |  1664
       Snake:1 |       0 |   19323 |   0.0 |       0 |      37 |   0.0 |   829
       Snake:2 |       0 |   13084 |   0.0 |       0 |      23 |   0.0 |  1176
       Snake:3 |       0 |   26303 |   0.0 |       0 |      47 |   0.0 |   832
       Snake:4 |       0 |   48283 |   0.0 |       0 |      87 |   0.0 |  1642
         Orc:1 |       0 |    3008 |   0.0 |       0 |      41 |   0.0 |   579
         Orc:2 |       0 |   11361 |   0.0 |       0 |     125 |   0.0 |  1699
      Depths:1 |       0 |   41420 |   0.0 |       0 |      51 |   0.0 |  1149
      Depths:2 |       0 |   52994 |   0.0 |       0 |      52 |   0.0 |  1591
       Abyss:3 |   16143 |    1373 |  92.2 |      24 |      16 |  60.0 |   228
           Lab |       0 |    2024 |   0.0 |       0 |       2 |   0.0 |   949
               +---------+---------+-------+---------+---------+-------+---------
